 Dungeon Crawl Stone Soup version 0.24-a0-479-g9a978d2894 (webtiles) character file.

Game seed: 11722910344443185205

13 Roran the Sneak (level 2, 0/15 HPs)
             Began as a Kobold Enchanter on July 7, 2019.
             Slain by a bat (1 damage)
             ... on level 1 of the Dungeon.
             The game lasted 00:01:38 (392 turns).

Roran the Sneak (Kobold Enchanter)                   Turns: 392, Time: 00:01:38

Health: 0/15       AC:  2    Str:  5    XL:     2   Next: 50%
Magic:  5/5        EV: 15    Int: 16    God:
Gold:   26         SH:  0    Dex: 15    Spells: 4/5 levels left

rFire    . . .     SeeInvis .   a - +1 dagger
rCold    . . .     Gourm    .   (shield restricted)
rNeg     . . .     Faith    .   b - +0 robe
rPois    .         Spirit   .   (no helmet)
rElec    .         Reflect  .   (no cloak)
rCorr    .         Harm     .   (no gloves)
MR       .....                  (no boots)
Stlth    +++.......             (no amulet)
HPRegen  0.05/turn              (no ring)
MPRegen  0.09/turn              (no ring)

@: no status effects
A: small, carnivore
a: no special abilities


You were on level 1 of the Dungeon.
You were full.

You visited 1 branch of the dungeon, and saw 1 of its levels.

You collected 26 gold pieces.

Inventory:

Hand Weapons
 a - a +1 dagger (weapon)
Armour
 b - a +0 robe (worn)
Jewellery
 g - an uncursed amulet of rage {unknown}
Scrolls
 e - a scroll of blinking {unknown}
Comestibles
 d - 2 rations


   Skills:
 + Level 3.2 Short Blades
 - Level 2.4 Dodging
 - Level 4.0 Stealth
 - Level 2.1 Spellcasting
 - Level 3.0 Hexes


You had 4 spell levels left.
You knew the following spells:

 Your Spells              Type           Power        Failure   Level  Hunger
a - Corona                Hex            ##.....      6%          1    #......

Your spell library contained the following spells:

 Spells                   Type           Power        Failure   Level  Hunger
 Ensorcelled Hibernation  Hex/Ice        #.....       17%         2    ###....
 Confuse                  Hex            ##......     19%         3    ###....
 Tukima's Dance           Hex            ##......     19%         3    ###....
 Dazzling Spray           Conj/Hex       #.....       32%         3    ###....


Dungeon Overview and Level Annotations

Branches:
Dungeon (1/15)

Altars:


Innate Abilities, Weirdness & Mutations

You are small and have problems with some larger weapons.
You are carnivorous and can eat meat at any time.


Message History

It was a potion of cancellation.
You feel magically purged. The bat misses you.
The bat hits you but does no damage.
You hit the bat but do no damage. The bat closely misses you.
You barely miss the bat. The bat hits you but does no damage. x2
You hit the bat but do no damage.
The bat is moderately wounded.
The bat hits you but does no damage.
As you read the scroll labeled YKLAIR LO COIDD, it crumbles to dust.
The scroll dissolves into smoke.
It was a scroll of fog.
The bat closely misses you.
You hit the bat.
The bat is severely wounded.
The bat misses you.
You barely miss the bat.
The bat is severely wounded.
The bat hits you but does no damage. The bat misses you.
You closely miss the bat.
The bat is severely wounded.
The bat hits you.
You die...

#.#######.......
#....†..########
#######.# # #.# # #.# #
#### #.# # #§§ #(# #
#§# #.# . #@# #.# #
#b#######.#
#b§.....#'#####
#...#........†..####
..b..#.#.###.......##..
.#.#.(.#.# #...)...##..
.. #.#.#.# #.......##..
. #.#.#.# #.......##..
# #.... ..########..


You could see 2 bats.

Vanquished Creatures
  A giant cockroach (D:1)
  2 hobgoblins (D:1)
  2 bats (D:1)
  4 frilled lizards (D:1)
  4 kobolds (D:1)
  A rat (D:1)
14 creatures vanquished.

Notes
Turn   | Place    | Note
-------+----------+-------------------------------------------
     0 | D:1      | Roran the Kobold Enchanter began the quest for the Orb.
     0 | D:1      | Reached XP level 1. HP: 10/10 MP: 3/3
   183 | D:1      | Reached XP level 2. HP: 15/15 MP: 5/5
   392 | D:1      | Slain by a bat

Levels and vault maps discovered:
D:1:      minmay_arrival_shattered_statue, layout_basic

Skill      XL: |  1  2 |
---------------+-------+-----
Short Blades   | 2 3 |  3.2
Dodging        | |  2.4
Stealth        | |  4.0
Spellcasting   | |  2.1
Hexes          | |  3.0

Action                   || total
-------------------------++-------
Melee: Dagger            ||    51
  Use: Scroll            ||     1
       Potion            ||     1
 Stab: Sleeping          ||     6
  Eat: Chunk             ||     4
Armor: Robe              ||    18
Dodge: Dodged            ||    49

Table legend:
 A = Non-vault XP
 B = Vault XP
 C = Vault XP percentage of total XP
 D = Non-vault monster count
 E = Vault monster count
 F = Vault count percentage of total count
                 A         B        C        D         E       F
            +---------+---------+-------+---------+---------+-------
      Total |      19 |       0 |   0.0 |      14 |       0 |   0.0
            +---------+---------+-------+---------+---------+-------
        D:1 |      19 |       0 |   0.0 |      14 |       0 |   0.0
            +---------+---------+-------+---------+---------+-------
